[Event "ICC Open 2015"]
[Site "Internet Chess Club"]
[Date "2015.05.30"]
[Round "5"]
[White "PCC"]
[Black "gauss"]
[Result "1-0"]
[ICCResult "Black forfeits on time"]
[WhiteElo "2028"]
[BlackElo "2032"]
[Opening "English: symmetrical, Benoni formation"]
[ECO "A31"]
[NIC "EO.46"]
[Time "14:48:41"]
[TimeControl "180+0"]

1. d4 Nf6 2. c4 c5 3. Nf3 cxd4 4. Nxd4 e5 5. Nb5 d5 6. cxd5 Bc5 7. e3 a6 8.
N5c3 O-O 9. Be2 Nbd7 10. e4 b5 11. a3 Nb6 12. O-O Ne8 13. Nd2 Be7 14. Nf3
Nd7 15. Be3 Nd6 16. b4 f5 17. exf5 Nxf5 18. Ne4 Bb7 19. Bc5 Nxc5 20. Nxc5
Bxc5 21. bxc5 Qxd5 22. Qxd5+ Bxd5 23. Nxe5 Rfe8 24. f4 Ne3 25. Rfc1 Nxg2 26.
Bf1 Nxf4 27. Nd7 Ne2+ 28. Bxe2 Rxe2 29. Nb6 Rg2+ 30. Kh1 Bc6 31. h4 Rf8 32.
Rf1 Rg4+ 33. Kh2 Rg2+ 34. Kh3 Re8 35. Rae1 Rge2 36. Rxe2 Rxe2 37. Kg3 Re3+
38. Kf4 Rxa3 39. Ke5 Rd3 40. Ke6 h6 41. Ke7 a5 42. Rf8+ Kh7 43. Rc8 Bf3 44.
Nd7 Kg6 45. Ne5+ Kf5 46. Nxd3 b4 47. c6 Bxc6 48. Rxc6 Ke4 49. Nxb4 axb4 50.
Rb6 Kf4 51. Rxb4+ Kg3 52. Kf7 g5 53. hxg5 hxg5 54. Kf6 Kf3 55. Kxg5 Ke3 56.
Kf5 Kd3 57. Rh4 Kc3 58. Ke5 Kd3 59. Rg4 Ke3 60. Rg3+ Kf2 61. Ra3 Ke2 62. Kd4
Kd2 63. Ra2+ Ke1 64. Rh2 Kf1 65. Ke3 Kg1 66. Ra2 Kf1 67. Rb2 Kg1 68. Kf3
{Black forfeits on time}
1-0

[Event "ICC Open 2015"]
[Site "Internet Chess Club"]
[Date "2015.05.30"]
[Round "5"]
[White "Redbaron"]
[Black "DrSteelHammer"]
[Result "0-1"]
[ICCResult "White resigns"]
[WhiteElo "2521"]
[BlackElo "3158"]
[Opening "QGD semi-Slav: Stoltz variation"]
[ECO "D45"]
[NIC "SL.08"]
[Time "14:49:38"]
[TimeControl "180+0"]

1. d4 d5 2. c4 e6 3. Nc3 c6 4. e3 Nf6 5. Nf3 Nbd7 6. Qc2 Bd6 7. Be2 O-O 8.
O-O b6 9. b3 Bb7 10. Bb2 Qe7 11. Rfd1 Rad8 12. h3 Rfe8 13. Rac1 a6 14. e4
Nxe4 15. Nxe4 dxe4 16. Qxe4 f5 17. Qe3 c5 18. dxc5 Nxc5 19. Be5 a5 20. Bxd6
Rxd6 21. Rxd6 Qxd6 22. Rd1 Qe7 23. Ne5 Rd8 24. Nd3 Be4 25. Nxc5 Rxd1+ 26.
Bxd1 Qxc5 27. Qd2 Qc7 28. Bc2 Bb7 29. f3 Kf7 30. Kf2 h6 31. Bd1 Kf6 32. Bc2
g5 33. Qc3+ Qe5 34. Qxe5+ Kxe5 35. Ke3 h5 36. Bd1 h4 37. Be2 Kd6 38. Kd4 e5+
39. Kc3 e4 40. fxe4 Bxe4 41. Bf1 Ke5 42. a3 Kf4 43. b4 axb4+ 44. Kxb4 Ke3
45. c5 bxc5+ 46. Kxc5 Kf2 47. Bc4 Kxg2 48. a4 Kxh3 49. a5 Kg3 50. a6 h3 51.
a7 h2 52. Bd5 Bxd5 {White resigns} 0-1

[Event "ICC Open 2015"]
[Site "Internet Chess Club"]
[Date "2015.05.30"]
[Round "5"]
[White "capaldi"]
[Black "Berke"]
[Result "1-0"]
[ICCResult "Black forfeits on time"]
[WhiteElo "1808"]
[BlackElo "1493"]
[Opening "Ruy Lopez: Treybal (Bayreuth) variation (exchange var. deferred)"]
[ECO "C77"]
[NIC "RL.12"]
[Time "14:49:12"]
[TimeControl "180+0"]

1. e4 e5 2. Nf3 Nc6 3. Bb5 a6 4. Ba4 Nf6 5. Bxc6 dxc6 6. d3 Bd6 7. O-O Bg4
8. Nbd2 h5 9. b3 Qe7 10. Bb2 Nd7 11. Qe1 f6 12. Qe3 g5 13. d4 Be6 14. c4 c5
15. dxe5 fxe5 16. Qxg5 Qxg5 17. Nxg5 Bg8 18. f4 Rh6 19. f5 O-O-O 20. Rae1 h4
21. Ndf3 Be7 22. Bc1 Rd6 23. Rd1 Nf6 24. Rxd6 Rxd6 25. Nxe5 Rd4 26. Ng6 Bd8
27. e5 Nd7 28. f6 Nxe5 29. Nxe5 Bxf6 30. Rxf6 Rd1+ 31. Rf1 Rd6 32. Ngf7 Re6
33. Nh6 Kb8 34. Rf8+ Re8 35. Rxe8+ Ka7 36. Rxg8 {Black forfeits on time} 1-0

[Event "ICC Open 2015"]
[Site "Internet Chess Club"]
[Date "2015.05.30"]
[Round "5"]
[White "slothchess"]
[Black "DropZone"]
[Result "1-0"]
[ICCResult "Black checkmated"]
[WhiteElo "1587"]
[BlackElo "2068"]
[Opening "Sicilian: Alapin's variation (2.c3)"]
[ECO "B22"]
[NIC "SI.46"]
[Time "14:49:42"]
[TimeControl "180+0"]

1. e4 c5 2. c3 Qa5 3. Nf3 g6 4. Be2 Bg7 5. O-O Nf6 6. e5 Nd5 7. d4 O-O 8.
Nbd2 cxd4 9. cxd4 Nc6 10. Nb3 Qb6 11. Bc4 Nc7 12. Be3 Qb4 13. Rc1 b5 14. Be2
Nd5 15. Bd2 Qa4 16. a3 Bb7 17. Rc5 a6 18. Rxd5 Na5 19. Rxd7 Bxf3 20. Nxa5
Bxe2 21. Qxe2 b4 22. Rd5 e6 23. Rc5 bxa3 24. bxa3 Qxd4 25. Bb4 Rfb8 26. Nc6
Qh4 27. Nxb8 Rxb8 28. Qxa6 h5 29. Rc8+ Rxc8 30. Qxc8+ Kh7 31. Qc7 Qf4 32.
Qc1 Qxe5 33. a4 Qd4 34. Qc5 Qf4 35. a5 Be5 36. g3 Qe4 37. Re1 Qf3 38. Qxe5
h4 39. Bf8 g5 40. Qg7# {Black checkmated} 1-0

[Event "ICC Open 2015"]
[Site "Internet Chess Club"]
[Date "2015.05.30"]
[Round "5"]
[White "Kempka"]
[Black "chessdi"]
[Result "0-1"]
[ICCResult "White resigns"]
[WhiteElo "2722"]
[BlackElo "2449"]
[Opening "QGD Slav: 4.e3"]
[ECO "D11"]
[NIC "SL.01"]
[Time "14:49:32"]
[TimeControl "180+0"]

1. d4 d5 2. c4 c6 3. e3 Nf6 4. Nf3 Bg4 5. h3 Bh5 6. Qb3 Qb6 7. Nc3 e6 8. Ne5
Nbd7 9. Nd3 Be7 10. c5 Qc7 11. Nf4 Bg6 12. Nxg6 hxg6 13. Qc2 e5 14. a3 g5
15. g3 Nf8 16. Bg2 Ne6 17. Ne2 a5 18. b3 exd4 19. exd4 b6 20. cxb6 Qxb6 21.
Be3 Rb8 22. Rb1 Bxa3 23. O-O Kd7 24. Qf5 Be7 25. Nc3 g6 26. Qd3 g4 27. h4
Nh5 28. Rfc1 Nhg7 29. Na4 Qb5 30. Qc2 Nf5 31. Bf1 Qb7 32. Qd2 Bf6 33. Qxa5
Nfxd4 34. Bxd4 Bxd4 35. Rd1 Ra8 36. Qd2 Qc7 37. Kg2 Qe5 38. Qe2 Qf6 39. Rd2
Rxh4 40. Rxd4 Nxd4 41. Nb6+ Kd6 42. Qd3 Rh2+ {White resigns} 0-1

[Event "ICC Open 2015"]
[Site "Internet Chess Club"]
[Date "2015.05.30"]
[Round "5"]
[White "nihil95"]
[Black "BoardLord"]
[Result "1-0"]
[ICCResult "Black forfeits on time"]
[WhiteElo "1825"]
[BlackElo "2233"]
[Opening "Van't Kruijs opening"]
[ECO "A00"]
[Time "14:49:09"]
[TimeControl "180+0"]

1. e3 Nf6 2. c4 g6 3. Nc3 Bg7 4. d4 O-O 5. Bd3 d6 6. Nge2 Nbd7 7. O-O e5 8.
d5 a5 9. f4 exf4 10. Nxf4 Nc5 11. Bc2 Ng4 12. Qf3 Ne5 13. Qe2 Bg4 14. Qd2
Nxc4 15. Qe1 Re8 16. h3 Nxe3 17. Bxe3 Bd4 18. Ne6 Bxe3+ 19. Qxe3 fxe6 20.
Qf4 Bf5 21. dxe6 Nxe6 22. Bb3 Kh8 23. Bxe6 Bxe6 24. Qd4+ Kg8 25. Ne4 Rf8 26.
Nf6+ Rxf6 27. Rxf6 Qd7 28. Raf1 Re8 29. Qf4 Qe7 30. Re1 Qd7 31. Qh6 Bf7 32.
Ref1 Re7 33. Qf4 Qe8 34. g4 b6 35. h4 Kg7 36. h5 gxh5 37. Qg5+ Kh8 38. gxh5
Re5 39. Qh6 Qg8+ 40. Kf2 Rxh5 41. Qf4 Bc4 42. Rf8 Rh2+ 43. Ke3 Re2+ 44. Kd4
c5+ 45. Kc3 Re3+ 46. Kc2 Re2+ 47. Kc3 Re3+ 48. Kc2 Re2+ 49. Kc3 Rc2+ 50.
Kxc2 Bd3+ 51. Kc3 Bc4 52. Kd2 Bf7 53. Ke3 {Black forfeits on time} 1-0

[Event "ICC Open 2015"]
[Site "Internet Chess Club"]
[Date "2015.05.30"]
[Round "5"]
[White "aplusk"]
[Black "faust"]
[Result "1-0"]
[ICCResult "Black forfeits on time"]
[WhiteElo "2906"]
[BlackElo "3208"]
[Opening "Trompowsky attack (Ruth, Opocenský opening)"]
[ECO "A45"]
[NIC "QP.07"]
[Time "14:48:49"]
[TimeControl "180+0"]

1. d4 Nf6 2. Bg5 e6 3. e4 h6 4. Bxf6 Qxf6 5. c3 d5 6. Bd3 dxe4 7. Bxe4 Bd6
8. Nf3 O-O 9. O-O Nd7 10. Nbd2 c6 11. Nc4 Bc7 12. Qe2 a5 13. Nce5 a4 14. a3
Ra5 15. Rfe1 Rd8 16. Rad1 Qe7 17. Bc2 Nf6 18. h3 Qe8 19. g3 Rad5 20. Bxa4
Ra5 21. Bc2 c5 22. dxc5 Rxc5 23. Rxd8 Qxd8 24. Qe3 Rd5 25. c4 Rd6 26. c5 Ra6
27. b4 Qe7 28. Qd3 Ra8 29. Ng4 Kf8 30. Nfe5 h5 31. Nxf6 Qxf6 32. Nd7+ Bxd7
33. Qxd7 Qe7 34. Qb5 h4 35. Qxb7 Rb8 36. Qf3 hxg3 37. fxg3 Kg8 38. Kg2 Qg5
39. Rd1 Be5 40. Be4 Bf6 41. h4 Qe5 42. Qf4 Qb2+ 43. Rd2 Qe5 44. Qxe5 Bxe5
45. c6 f5 46. Bf3 Kf7 47. Rd7+ Ke8 48. Rd3 Ke7 49. Rd2 Ke8 50. Re2 Bc7 51.
Rxe6+ Kf8 52. Re2 Ra8 53. b5 Rxa3 54. Rb2 Bb6 55. Rc2 Ra7 56. Bd5 Ke7 57.
Re2+ Kd6 58. Be6 Re7 59. Bc4 Rxe2+ 60. Bxe2 Ke5 61. Kf3 g6 62. Bf1 Bc7 63.
Bd3 Bb6 64. Be2 Kf6 65. g4 fxg4+ 66. Kxg4 Bc7 67. Bd3 Bb6 68. Be2 Bc7 69.
Kf3 Ke5 70. Bd3 Kf6 71. Be4 Kg7 72. Ke3 Kf6 73. Kd4 Bb6+ 74. Kd5 g5 75. Kd6
g4 76. c7 Bxc7+ 77. Kxc7 Ke5 78. b6 Kxe4 79. b7 g3 80. b8=Q g2 81. Qg8 Kf3
82. Qxg2+ Kxg2 83. h5 Kf3 84. h6 Ke3 85. h7 Ke4 86. h8=Q Kd5 87. Qh5+ Ke6
88. Kc6 Kf6 89. Qd5 Ke7 90. Kc5 Kf6 91. Qd6+ Kf7 92. Qd4 Ke6 93. Qe4+ Kd7
94. Kd4 Kd6 95. Qe5+ {Black forfeits on time} 1-0

[Event "ICC Open 2015"]
[Site "Internet Chess Club"]
[Date "2015.05.30"]
[Round "5"]
[White "Piranha"]
[Black "f8"]
[Result "1-0"]
[ICCResult "Black resigns"]
[WhiteElo "1726"]
[BlackElo "1383"]
[Opening "Pirc defense"]
[ECO "B07"]
[NIC "PU.04"]
[Time "14:51:37"]
[TimeControl "180+0"]

1. e4 d6 2. d4 Nf6 3. Nc3 g6 4. f3 Bg7 5. Be3 c6 6. Qd2 h6 7. O-O-O Qc7 8.
Kb1 b5 9. g4 Bb7 10. Nce2 Nbd7 11. Ng3 a6 12. Nh3 O-O-O 13. Nf4 c5 14. dxc5
Nxc5 15. Qf2 Nfd7 16. Nd5 Qa5 17. Nxe7+ Kb8 18. Nd5 Na4 19. Bd4 Bxd4 20.
Qxd4 Ne5 21. Be2 Bxd5 22. exd5 Nb6 23. b4 Qa3 24. Qxb6+ Ka8 25. Qd4 Nxf3 26.
Bxf3 Qxf3 27. Rhf1 Qg2 28. Rxf7 {Black resigns} 1-0

[Event "ICC Open 2015"]
[Site "Internet Chess Club"]
[Date "2015.05.30"]
[Round "5"]
[White "gannikus1992"]
[Black "yummy2"]
[Result "0-1"]
[ICCResult "White forfeits on time"]
[WhiteElo "2319"]
[BlackElo "2695"]
[Opening "English: Caro-Kann defensive system"]
[ECO "A11"]
[NIC "EO.64"]
[Time "14:49:11"]
[TimeControl "180+0"]

1. c4 c6 2. Nc3 d5 3. e3 Nf6 4. Qc2 a6 5. Nf3 g6 6. b3 Bg7 7. Bb2 O-O 8. Be2
Bf5 9. d3 Re8 10. O-O Nbd7 11. Nd4 e6 12. Nxf5 gxf5 13. Rac1 Rc8 14. Rfd1
Kh8 15. Nb1 Rg8 16. Nd2 Ne8 17. Nf3 Bxb2 18. Qxb2+ Qf6 19. Qxf6+ Nexf6 20.
cxd5 cxd5 21. Nd4 Kg7 22. b4 Nb6 23. b5 Nfd7 24. bxa6 bxa6 25. Nb3 a5 26.
Rxc8 Rxc8 27. Rc1 Rxc1+ 28. Nxc1 Kf6 29. Kf1 Ke5 30. Ke1 d4 31. Kd2 f4 32.
exd4+ Kd6 33. Bf3 Nf6 34. Ne2 Nfd5 35. Bxd5 Nxd5 36. Nc3 Nb4 37. a3 Nc6 38.
Ne4+ Kd5 39. Nf6+ Kxd4 40. Nxh7 Ne5 41. Ng5 Kd5 42. h4 f6 43. Ne4 f5 44.
Nc3+ Kc5 45. Ne2 Ng4 46. Nxf4 e5 47. Nh3 Kd5 48. f3 Nf6 49. Nf2 f4 50. Ne4
Nh5 51. Kc3 Ng7 52. g4 fxg3 53. Nxg3 Ne6 54. h5 Ng5 55. h6 Ke6 56. Ne4 Nh7
57. Kc4 Kf5 58. Kb5 Kg6 59. Kxa5 Kxh6 60. a4 Nf8 61. Kb5 Ne6 62. a5 Kg6 63.
a6 Nc7+ 64. Kb6 Nxa6 65. Kxa6 Kf5 66. Kb5 Kf4 67. Kc4 Kxf3
{White forfeits on time}
0-1

[Event "ICC Open 2015"]
[Site "Internet Chess Club"]
[Date "2015.05.30"]
[Round "5"]
[White "Vanych"]
[Black "Mastercito"]
[Result "1-0"]
[ICCResult "Black resigns"]
[WhiteElo "2574"]
[BlackElo "1970"]
[Opening "Nimzovich-Larsen attack"]
[ECO "A01"]
[NIC "VO.08"]
[Time "14:50:09"]
[TimeControl "180+0"]

1. b3 d6 2. Bb2 Nf6 3. e3 g6 4. Bxf6 exf6 5. c4 Bg7 6. Nc3 f5 7. Rc1 Nc6 8.
g3 Be6 9. Bg2 h5 10. h4 Ne5 11. d4 Ng4 12. Nge2 c6 13. O-O g5 14. hxg5 Qxg5
15. Nf4 h4 16. Qf3 O-O-O 17. b4 Bxc4 18. b5 Bxf1 19. Rxf1 hxg3 20. bxc6
gxf2+ 21. Rxf2 Nxf2 22. Kxf2 Rh4 23. c7 Rxf4 24. cxd8=Q+ Kxd8 25. exf4 Bxd4+
26. Kf1 Qg7 27. Nb5 Bc5 28. Qc3 Qxc3 29. Nxc3 a6 30. Bxb7 a5 31. Bg2 Kc7 32.
Bh3 Kb6 33. Bxf5 Bd4 34. Nd5+ Kc5 35. Be4 Kc4 36. Ke2 Kb5 37. Kd3 Ka4 38.
Kxd4 Ka3 39. Nc3 Kb2 40. Bd5 f6 41. Bf7 a4 42. Nxa4+ {Black resigns} 1-0

[Event "ICC Open 2015"]
[Site "Internet Chess Club"]
[Date "2015.05.30"]
[Round "5"]
[White "Pantani"]
[Black "Red-white"]
[Result "0-1"]
[ICCResult "White forfeits on time"]
[WhiteElo "2988"]
[BlackElo "3132"]
[Opening "Bogo-Indian defense, Nimzovich variation"]
[ECO "E11"]
[NIC "QI.01"]
[Time "14:49:34"]
[TimeControl "180+0"]

1. d4 Nf6 2. c4 e6 3. Nf3 Bb4+ 4. Bd2 Qe7 5. g3 Bxd2+ 6. Qxd2 Nc6 7. Nc3 d5
8. Bg2 dxc4 9. Ne5 Nxe5 10. dxe5 Nd7 11. Qd4 Qc5 12. O-O-O Qxd4 13. Rxd4
Nxe5 14. Nb5 Ke7 15. f4 Bd7 16. Nxc7 Rac8 17. Nd5+ exd5 18. fxe5 c3 19. Bxd5
cxb2+ 20. Kxb2 Rc5 21. Rhd1 Be6 22. e4 Rhc8 23. R1d2 R8c7 24. h4 Rb5+ 25.
Ka3 Rc3+ 26. Ka4 Bd7 27. Be6 Bc6 28. Bd7 Rd5+ 29. Bxc6 Rxd4+ 30. Rxd4 bxc6
31. Rd6 Rxg3 32. Rxc6 Rg4 33. Kb5 Rxe4 34. Rc5 Rxh4 35. Rc7+ Ke6 36. Rxa7
Re4 37. a4 Rxe5+ 38. Kc6 Re1 39. a5 Rc1+ 40. Kb6 h5 41. Ra8 Rb1+ 42. Kc6
Rc1+ 43. Kb7 Rb1+ 44. Kc6 Ra1 45. a6 h4 46. Kb7 Kf5 47. Rh8 Kg4 48. Rh7 g5
49. Rxf7 h3 50. Rh7 Kg3 51. a7 g4 52. Rh6 Rxa7+ 53. Kxa7 Kh2 54. Kb6 g3 55.
Kc5 g2 56. Kd4 g1=Q+ {White forfeits on time} 0-1

[Event "ICC Open 2015"]
[Site "Internet Chess Club"]
[Date "2015.05.30"]
[Round "5"]
[White "grancaruso"]
[Black "Macks"]
[Result "1-0"]
[ICCResult "Black forfeits on time"]
[WhiteElo "1858"]
[BlackElo "1518"]
[Opening "Réti opening"]
[ECO "A11"]
[NIC "QP.09"]
[Time "14:50:05"]
[TimeControl "180+0"]

1. Nf3 d5 2. c4 c6 3. e3 g6 4. b3 Bg7 5. Nc3 Nf6 6. Bb2 O-O 7. d4 Bg4 8. Be2
Re8 9. O-O Nbd7 10. h3 Bxf3 11. Bxf3 e5 12. cxd5 e4 13. dxc6 exf3 14. cxd7
Qxd7 15. Qxf3 Rad8 16. Rac1 Re6 17. Rfd1 h6 18. Na4 b6 19. Rc2 Nh7 20. Rdc1
Ng5 21. Qg4 Qe7 22. Rc7 Qf6 23. d5 Re4 24. Bxf6 Rxg4 25. Bxd8 Rxa4 26. bxa4
Ne4 27. d6 Nxd6 28. Rd7 Nf5 29. Rc8 Kh7 30. Rxf7 h5 31. Rcc7 Kh6 32. f4
{Black forfeits on time}
1-0

[Event "ICC Open 2015"]
[Site "Internet Chess Club"]
[Date "2015.05.30"]
[Round "5"]
[White "Babaliyev"]
[Black "Ernani"]
[Result "0-1"]
[ICCResult "White forfeits on time"]
[WhiteElo "1976"]
[BlackElo "2677"]
[Opening "English: symmetrical, Benoni formation"]
[ECO "A31"]
[NIC "EO.46"]
[Time "14:49:30"]
[TimeControl "180+0"]

1. d4 Nf6 2. Nf3 c5 3. c4 cxd4 4. Nxd4 Nc6 5. Nxc6 bxc6 6. g3 h6 7. Bg2 e5
8. O-O Bc5 9. Nc3 a5 10. Na4 Be7 11. b3 Qc7 12. Bb2 d6 13. Rc1 O-O 14. c5 d5
15. Nb6 Ra7 16. Nxc8 Rxc8 17. Qc2 Nd7 18. Bh3 Rd8 19. Bxd7 Rxd7 20. Qf5 Bf6
21. f4 Re7 22. Rcd1 Rb7 23. fxe5 Bxe5 24. Bxe5 Rxe5 25. Qg4 Rb4 26. Qf3 Rbe4
27. Rd2 Qe7 28. Re1 Qxc5+ 29. Qf2 Qxf2+ 30. Kxf2 Kf8 31. Rc1 Re6 32. Rc5 a4
33. Rdc2 axb3 34. axb3 Ke7 35. b4 Rxb4 36. Rxc6 Rxc6 37. Rxc6 Re4 38. Ra6
Re6 39. Ra5 Kd6 40. Ra7 Re7 41. Ra6+ Kc5 42. Kf3 Kd4 43. Ra4+ Kc3 44. Ra3+
Kd2 45. Rd3+ Ke1 46. Rxd5 Rxe2 47. Rd7 Rxh2 48. Re7+ Kf1 49. Ra7 Rf2+ 50.
Kg4 Kg2 51. Ra4 g6 52. Kh4 Re2 53. Rb4 f5 54. Rc4 Re4+ {White forfeits on
time} 0-1

[Event "ICC Open 2015"]
[Site "Internet Chess Club"]
[Date "2015.05.30"]
[Round "5"]
[White "AlexSlizhevsky"]
[Black "Parsifal"]
[Result "0-1"]
[ICCResult "White forfeits on time"]
[WhiteElo "2021"]
[BlackElo "2414"]
[Opening "Robatsch defense: Pseudo-Austrian attack"]
[ECO "B07"]
[NIC "VO.17"]
[Time "14:49:48"]
[TimeControl "180+0"]

1. e4 d6 2. d4 g6 3. Nc3 Bg7 4. f4 c6 5. Nf3 Qb6 6. h3 d5 7. e5 h5 8. Rb1
Nh6 9. Be3 Bf5 10. Be2 Nd7 11. Ng5 f6 12. Nf3 fxe5 13. fxe5 Nxe5 14. Nxe5
Bxe5 15. O-O Bg7 16. Na4 Qc7 17. Nc5 Nf7 18. Bd3 Nd6 19. Bxf5 Nxf5 20. Ne6
Qd6 21. Nxg7+ Nxg7 22. Bf4 Qd7 23. Be5 Rg8 24. Qf3 O-O-O 25. Qa3 b6
{White forfeits on time}
0-1

[Event "ICC Open 2015"]
[Site "Internet Chess Club"]
[Date "2015.05.30"]
[Round "5"]
[White "ShcherbinMatvei"]
[Black "Inmune"]
[Result "0-1"]
[ICCResult "White forfeits on time"]
[WhiteElo "2751"]
[BlackElo "3010"]
[Opening "Scotch game"]
[ECO "C45"]
[NIC "SO.04"]
[Time "14:49:24"]
[TimeControl "180+0"]

1. e4 e5 2. Nf3 Nc6 3. d4 exd4 4. Nxd4 Bb4+ 5. c3 Bc5 6. Nf5 g6 7. Be3 Bxe3
8. Nxe3 Nf6 9. Nd2 O-O 10. Be2 Re8 11. Qc2 d5 12. O-O-O dxe4 13. Nxe4 Qe7
14. Nxf6+ Qxf6 15. Nd5 Qd8 16. Rhe1 Be6 17. Bf3 Qg5+ 18. Qd2 Qxd2+ 19. Rxd2
Bxd5 20. Rxe8+ Rxe8 21. Bxd5 Nd8 22. Bc4 Nc6 23. Bb5 Re1+ 24. Kc2 Ne5 25. f4
Ng4 26. Rd7 a6 27. Bd3 b5 28. Rxc7 Ne3+ 29. Kb3 Nxg2 30. f5 gxf5 31. Bxf5
Re2 32. Bc8 a5 33. Bd7 Nf4 34. Bxb5 Rxh2 35. Ra7 h5 36. Bc4 a4+ 37. Kxa4 Ne6
38. b4 h4 39. b5 h3 40. Kb3 Rh1 41. Bd5 Rb1+ 42. Kc4 h2 43. Ba8 Kf8 44. Rd7
Ke8 45. Rd3 h1=Q 46. Bxh1 Rxh1 47. b6 Rb1 48. a4 Rxb6 49. a5 Ra6 50. Kb4 Nc7
51. c4 f5 52. Rf3 Rf6 53. Kc5 Kd7 54. Kd4 Kd6 55. Rf1 Ne6+ 56. Kd3 Nc5+ 57.
Kd4 f4 58. Rh1 f3 59. Rf1 f2 60. Ke3 Re6+ 61. Kxf2 Nd3+ 62. Kg1 Rg6+ 63. Kh2
Ne5 64. Rf3 Nxf3+ 65. Kh3 Ke5 {White forfeits on time} 0-1

[Event "ICC Open 2015"]
[Site "Internet Chess Club"]
[Date "2015.05.30"]
[Round "5"]
[White "auket40"]
[Black "Kyekerz"]
[Result "0-1"]
[ICCResult "White forfeits on time"]
[WhiteElo "1609"]
[BlackElo "1296"]
[Opening "Queen's pawn game, Darooha variation "]
[ECO "D02"]
[NIC "QP.08"]
[Time "14:49:46"]
[TimeControl "180+0"]

1. d4 d5 2. Nf3 Nf6 3. g3 g6 4. Bg2 Bg7 5. O-O O-O 6. h3 Nc6 7. c4 dxc4 8.
Nc3 Nb4 9. a3 Nbd5 10. Ne5 Nxc3 11. bxc3 c6 12. Nxc4 Re8 13. e4 b5 14. Ne5
Nd7 15. Nxc6 Qb6 16. Nb4 Bb7 17. Be3 Qc7 18. Rc1 Rac8 19. e5 e6 20. Nd3 Bxg2
21. Kxg2 Qc4 22. Nb4 Nb6 23. Qd3 Na4 24. Qxc4 Rxc4 25. Bd2 Rec8 26. Rfe1
Nxc3 27. Bxc3 Rxc3 28. Rxc3 Rxc3 29. Re3 Rc4 30. Rd3 Bf8 31. Na6 Be7 32. f4
Bd8 33. Kf3 Bb6 34. Ke4 Kf8 {White forfeits on time} 0-1

[Event "ICC Open 2015"]
[Site "Internet Chess Club"]
[Date "2015.05.30"]
[Round "5"]
[White "Tomorrowlan"]
[Black "littlecaesar"]
[Result "1-0"]
[ICCResult "Black forfeits on time"]
[WhiteElo "2867"]
[BlackElo "2501"]
[Opening "Réti: King's Indian attack (Barcza system)"]
[ECO "A07"]
[NIC "QP.09"]
[Time "14:49:08"]
[TimeControl "180+0"]

1. Nf3 d5 2. g3 c6 3. Bg2 Nf6 4. O-O g6 5. d3 Bg7 6. Nc3 O-O 7. e4 Bg4 8. h3
Bxf3 9. Qxf3 d4 10. Ne2 Nbd7 11. Nxd4 Nh5 12. Nb3 a5 13. a4 Qc7 14. g4 Nhf6
15. Qe2 e5 16. f4 exf4 17. Bxf4 Qb6+ 18. Be3 Qc7 19. d4 Rfe8 20. e5 Nd5 21.
Bxd5 cxd5 22. Qf3 Nb6 23. Nc5 Nc4 24. Bg5 Nxe5 25. Qg2 Nc4 26. c3 Ne3 27.
Bxe3 Rxe3 28. Rf3 Rae8 29. Raf1 Re2 30. R3f2 Rxf2 31. Qxf2 b6 32. Nd3 Re4
33. Nf4 Qd7 34. Ng2 Qe6 35. Re1 Bh6 36. Rf1 Re2 37. Qf3 Rxb2 38. Qg3 Re2 39.
g5 Bg7 40. Nf4 Qe3+ 41. Qxe3 Rxe3 42. Nxd5 Rd3 43. Rb1 Bf8 44. Rxb6 h6 45.
h4 Rg3+ 46. Kf2 Rh3 47. Nf6+ Kg7 48. c4 hxg5 49. hxg5 Rh2+ 50. Kf3 Rh1 51.
c5 Rd1 52. Ke4 Rf1 53. Kd5 Re1 54. Kc6 Rd1 55. d5 Rd4 56. d6 Rc4 57. d7
Rxc5+ 58. Kb7 Rxg5 59. Ne8+ Kg8 60. d8=Q Be7 61. Qxe7 Rb5 62. Nf6+ Kg7 63.
Rxb5 Kh6 64. Rg5 {Black forfeits on time} 1-0

[Event "ICC Open 2015"]
[Site "Internet Chess Club"]
[Date "2015.05.30"]
[Round "5"]
[White "pawnographer"]
[Black "nadalthegreat"]
[Result "0-1"]
[ICCResult "White forfeits on time"]
[WhiteElo "1561"]
[BlackElo "1721"]
[Opening "King's Indian: Sämisch, 5...O-O"]
[ECO "E81"]
[NIC "KI.54"]
[Time "14:49:39"]
[TimeControl "180+0"]

1. d4 Nf6 2. c4 g6 3. Nc3 Bg7 4. e4 d6 5. f3 O-O 6. Be3 c5 7. Nge2 Nc6 8.
Qd2 Bd7 9. O-O-O Rc8 10. g4 a6 11. h4 cxd4 12. Nxd4 Ne5 13. h5 Nxc4 14. Bxc4
Rxc4 15. hxg6 fxg6 16. Nb3 b5 17. e5 b4 18. exf6 bxc3 19. Qd5+ e6 20. Qxc4
cxb2+ 21. Kb1 Qxf6 22. Bd4 Qxf3 23. Bxg7 Kxg7 24. Rhf1 Qg3 25. Rxf8 Kxf8 26.
Rf1+ Ke7 27. Qd4 Qe5 28. Qf2 Qe4+ 29. Kxb2 Qe5+ 30. Ka3 Be8 31. Qf8+ Kd7 32.
Rc1 Qd5 {White forfeits on time} 0-1

[Event "ICC Open 2015"]
[Site "Internet Chess Club"]
[Date "2015.05.30"]
[Round "5"]
[White "WhiteHorse"]
[Black "kl5555"]
[Result "1/2-1/2"]
[ICCResult "Game drawn by repetition"]
[WhiteElo "1836"]
[BlackElo "1754"]
[Opening "English opening"]
[ECO "A20"]
[NIC "EO.24"]
[Time "14:49:44"]
[TimeControl "180+0"]

1. c4 e5 2. g3 Nf6 3. Bg2 d5 4. cxd5 Nxd5 5. Nc3 Nxc3 6. bxc3 Nc6 7. Nf3 e4
8. Ng1 f5 9. g4 Qf6 10. Rb1 Bd6 11. h4 fxg4 12. Qa4 O-O 13. Bxe4 Qxf2+ 14.
Kd1 g3 15. Qb3+ Kh8 16. Qd5 g2 17. Bxg2 Ne7 18. Qg5 h6 19. Nh3 Bxh3 20. Rxh3
hxg5 21. hxg5+ Kg8 22. Bf3 Nf5 23. Bd5+ Rf7 24. Kc2 Ng3 25. e4 c6 26. Bc4 b5
27. Bb3 Qg2 28. Rh4 Nxe4 29. Kb2 Rf8 30. Ka1 Nxd2 31. Rb2 Nxb3+ 32. axb3 Qf1
33. Rc2 Rf2 34. Kb2 Qd1 35. Rd2 Rxd2+ 36. Bxd2 Qxd2+ 37. Kb1 Qd1+ 38. Kb2
Qd2+ 39. Kb1 Qd1+ 40. Kb2 Qd2+ 41. Kb1 {Game drawn by repetition} 1/2-1/2

[Event "ICC Open 2015"]
[Site "Internet Chess Club"]
[Date "2015.05.30"]
[Round "5"]
[White "saira"]
[Black "Vogel"]
[Result "1-0"]
[ICCResult "Black forfeits on time"]
[WhiteElo "1792"]
[BlackElo "2209"]
[Opening "Caro-Kann: anti-anti-Caro-Kann defense"]
[ECO "B10"]
[NIC "CK.01"]
[Time "14:49:48"]
[TimeControl "180+0"]

1. e4 c6 2. c4 d5 3. d3 e5 4. Nc3 d4 5. Nb1 Bb4+ 6. Bd2 Bxd2+ 7. Nxd2 Ne7 8.
Be2 O-O 9. Ngf3 Qc7 10. O-O Ng6 11. g3 Bh3 12. Re1 c5 13. Bf1 Bxf1 14. Nxf1
Nc6 15. h4 h6 16. h5 Nge7 17. Nh4 Qd7 18. Kg2 Rae8 19. Nh2 f5 20. exf5 Nxf5
21. N2f3 Qf7 22. Ng6 Nd6 23. Nxf8 Rxf8 24. Qe2 e4 25. dxe4 Nxc4 26. Nh4 d3
27. Qxd3 Qxf2+ 28. Kh3 N4e5 29. Qd5+ Kh7 30. Rf1 Qxf1+ 31. Rxf1 Rxf1 32. Nf5
Rh1+ 33. Kg2 Rxh5 34. Qxc5 Rg5 35. Qb5 b6 36. Qa4 h5 37. Qa3 Rg6 38. Ne7 Rf6
39. Nxc6 Rxc6 40. Qe7 Ng4 41. Qd7 Rc2+ 42. Kf1 Rf2+ 43. Ke1 Rf6 44. Qxa7 Rc6
45. Qa8 Re6 46. Ke2 Nf6 47. Kf3 Ng4 48. Kf4 Rf6+ 49. Kg5 Rg6+ 50. Kh4 Nf6
51. e5 Rg4+ 52. Kh3 Ng8 53. e6 Rg6 54. Qxg8+ Kxg8 55. e7 Kf7 56. Kh4 Kxe7
57. Kh3 {Black forfeits on time} 1-0

[Event "ICC Open 2015"]
[Site "Internet Chess Club"]
[Date "2015.05.30"]
[Round "5"]
[White "Jospa"]
[Black "VoltesV"]
[Result "0-1"]
[ICCResult "White forfeits on time"]
[WhiteElo "1222"]
[BlackElo "1581"]
[Opening "King's pawn opening"]
[ECO "B07"]
[NIC "VO.17"]
[Time "14:51:07"]
[TimeControl "180+0"]

1. e4 d6 2. Nf3 Nf6 3. d4 g6 4. e5 dxe5 5. Nxe5 Bg7 6. Bc4 O-O 7. O-O b6 8.
Be3 Bb7 9. f3 Nbd7 10. Nc3 a6 11. d5 Nxe5 12. Qd2 Nxc4 13. Qe2 Nxe3 14. Qxe3
Nxd5 15. Nxd5 Qxd5 16. Rad1 Qxa2 17. Rfe1 Rfe8 18. Rd7 c5 19. Rxe7 Bd4 20.
Qxd4 cxd4 21. Rxe8+ Rxe8 22. Rxe8+ Kg7 23. Kf2 Qxb2 24. Kg3 Qxc2 25. Re7 Bd5
26. Rd7 Qc6 27. Re7 Qd6+ 28. Kh3 Qxe7 29. g3 d3 30. f4 d2 31. g4 d1=Q 32. g5
Qf1+ 33. Kg3 Qee1+ 34. Kg4 Qd1+ 35. Kh4 h6 36. gxh6+ Kxh6 37. Kg3 a5 38. f5
a4 39. fxg6 a3 40. gxf7 Bxf7 41. h4 b5 42. h5 Kxh5 43. Kh2 b4 44. Kg3 b3 45.
Kh2 b2 46. Kg3 a2 {White forfeits on time} 0-1